 Dungeon Crawl Stone Soup version 0.30.1 (webtiles) character file.

Game seed: 2862474312420473691

1984 Kaiern the Insei (level 9, -8/61 HPs)
             Began as an Octopode Transmuter on July 10, 2023.
             Mangled by a gnoll
             ... wielding a +0 flail
             ... led by a gnoll bouda
              (9 damage)
             ... on level 5 of the Dungeon.
             The game lasted 00:13:28 (4618 turns).

Kaiern the Insei (Octopode Transmuter)              Turns: 4618, Time: 00:13:28

Health: -8/61      AC:  1    Str: 10    XL:     9   Next: 21%
Magic:  16/16      EV: 20    Int: 19    God:
Gold:   323        SH:  0    Dex: 12    Spells: 15/18 levels left

rFire   . .          .
                       - Unarmed
rCold   . . .        (no shield)
rNeg    . . .        (helmet currently unavailable)
rPois   .            (no amulet)
rElec   .            b - +5 ring of evasion
rCorr   +            v - ring of resist corrosion
SInv    .            (no ring)
Will    .....        (no ring)
Stlth   ++           (no ring)
HPRegen 0.30/turn    (no ring)
MPRegen 0.15/turn    (no ring)
                     (no ring)

%: no passive effects
@: appendages
A: tentacle spike 3, almost no armour, amphibious, 8 rings, camouflage 1,
gelatinous body 1, (nimble swimmer 1), tentacles
a: End Transformation


You were on level 5 of the Dungeon.
One of your tentacles had grown a beastly spike.
You visited 2 branches of the dungeon, and saw 7 of its levels.

You collected 323 gold pieces.

Inventory:

Jewellery
 b - a +5 ring of evasion (left tentacle)
 v - a ring of resist corrosion (right tentacle)
Wands
 t - a wand of flame (8)
Scrolls
 c - 4 scrolls of teleportation {unknown}
 e - a scroll of amnesia {unknown}
 j - 2 scrolls of enchant weapon {unknown}
 k - a scroll of acquirement {unknown}
 l - 5 scrolls of identify {unknown}
 o - a scroll of immolation {unknown}
 q - a scroll of summoning {unknown}
 r - a scroll of poison {unknown}
Potions
 a - a potion of lignification
 d - a potion of resistance {unknown}
 f - 2 potions of curing
 g - a potion of brilliance {unknown}
 h - a potion of heal wounds {unknown}
 i - 3 potions of flight {unknown}
 m - 2 potions of attraction {unknown}
 n - 2 potions of degeneration {unknown}
 p - a potion of mutation {unknown}
 s - a potion of haste {unknown}
 u - 2 potions of might {unknown}
 w - a potion of invisibility {unknown}


   Skills:
 + Level 5.2 Fighting
 + Level 5.5 Dodging
 + Level 6.0 Unarmed Combat
 + Level 5.1 Spellcasting
 + Level 5.5 Transmutations


You had 15 spell levels left.
You knew the following spells:

 Your Spells              Type           Power      Damage    Failure   Level
a - Beastly Appendage     Tmut           52%        N/A       1%          1
b - Wereblood             Tmut           26%        N/A       1%          2

Your spell library contained the following spells:

 Spells                   Type           Power      Damage    Failure   Level
 Spider Form              Tmut/Pois      15%        N/A       12%         3
 Static Discharge         Conj/Air       8%         2-3/arc   19%         2
 Call Canine Familiar     Summ           4%         N/A       36%         3
 Dazzling Flash           Conj/Hex       8%         N/A       36%         3
 Portal Projectile        Hex/Tloc       8%         N/A       36%         3
 Ice Form                 Ice/Tmut       15%        N/A       36%         4
 Airstrike                Air            2%         2d(1-17)  77%         4
 Cause Fear               Hex            2%         N/A       77%         4
 Leda's Liquefaction      Hex/Erth       2%         N/A       77%         4
 Summon Lightning Spire   Summ/Air       4%         N/A       77%         4
 Agony                    Necr           4%         N/A       98%         5
 Silence                  Hex/Air        2%         N/A       98%         5
 Dragon Form              Tmut           13%        N/A       100%        7
 Dragon's Call            Summ           2%         N/A       100%        9


Dungeon Overview and Level Annotations

Branches:
Dungeon (6/15)             Temple (1/1) D:5

Altars:
Ashenzari
Cheibriados
Dithmenos
Fedhas
Kikubaaqudgha
Makhleb
Qazlal
Sif Muna
Trog
Wu Jian
Xom
Yredelemnul
Zin
The Shining One

Shops:
D:3 [   D:4 :!


Innate Abilities, Weirdness & Mutations

One of your tentacles has grown a beastly spike.
You cannot wear most types of armour.
You are amphibious.
You can wear up to eight rings at the same time.
Your skin changes colour to match your surroundings (Stealth+).
Your rubbery body absorbs attacks. (AC +1, EV +1)
((You are camouflaged when in or above water. (Stealth+)))
You have tentacles for arms and can constrict up to eight enemies at once.


Message History

You pierce the centaur, but do no damage.
The centaur hits you.
* * * LOW HITPOINT WARNING * * *
The centaur closely misses you. The gnoll completely misses you.
The gnoll hits you with a +0 whip.
* * * LOW HITPOINT WARNING * * *
The centaur barely misses you. The centaur misses you.
The gnoll completely misses you. The gnoll hits you with a +0 whip!
* * * LOW HITPOINT WARNING * * *
You climb upwards.
There is a stone staircase leading down here.
You closely miss the centaur.
You pierce the centaur, but do no damage.
The centaur misses you. x2; The gnoll misses you.
The gnoll completely misses you. The centaur misses you. The centaur kicks you.
* * * LOW HITPOINT WARNING * * *
Unknown command.
You tentacle-slap the centaur.
The centaur is lightly wounded.
The centaur closely misses you. x2; The gnoll misses you.
The gnoll barely misses you.
You closely miss the centaur.
You pierce the centaur, but do no damage.
You squeeze the centaur, but do no damage.
The centaur is lightly wounded.
The centaur misses you. The centaur kicks you.
* * * LOW HITPOINT WARNING * * *
The gnoll closely misses you. The gnoll misses you.
You tentacle-slap the centaur.
You pierce the centaur, but do no damage.
Your squeeze misses the centaur.
The centaur is moderately wounded.
The centaur completely misses you. The centaur barely misses you.
The centaur misses you. The centaur barely misses you.
Unknown command.
You tentacle-slap the centaur but do no damage.
You squeeze the centaur.
The centaur is moderately wounded.
The gnoll barely misses you. The gnoll hits you with a +0 flail!
You die...

....(.........#........§......#..
...........##.#..#.......§§......
..........###.........§≈§§≈≈≈≈≈..
.............#.#####..≈.§§....≈..
...............#####..≈.###.#.≈.#
................#.#...§.#...#.≈.#
.....................§§.#._.#.§§#
..............##gg#...≈.#...#§§§#
.............###@###..≈.#.###.§.#
.....##......# #c###..≈...§...≈..
.........#...# #.#....≈≈≈§§§≈≈≈..
##...#.(####.# #.........§§......
##......###..# #.................
.##.....##..####.................
.........#.......................
.#.............#.................
............######...............


You could see a centaur and 2 gnolls.

Vanquished Creatures
  Pikel (D:4)
  Prince Ribbit (D:5)
  Grinder (D:3)
  Sigmund (D:3)
  3 ogres
  A black bear (D:5)
  A phantom (D:5)
  5 scorpions
  A jelly (D:5)
  A gnoll bouda (D:6)
  A hound (D:5)
  2 iguanas
  Jessica (D:3)
  5 adders
  A gnoll (D:6)
  A white imp (D:5)
  2 worms
  4 dart slugs
  5 orcs
  5 ball pythons
  4 endoplasms
  A giant cockroach (D:1)
  7 goblins
  10 hobgoblins
  A jackal (D:2)
  7 kobolds
  2 quokkas
  8 bats
  2 frilled lizards
  4 rats
89 creatures vanquished.

Notes
Turn   | Place    | Note
-------+----------+-------------------------------------------
     0 | D:1      | Kaiern the Octopode Transmuter began the quest for the Orb.
     0 | D:1      | Reached XP level 1. HP: 13/13 MP: 3/3
   102 | D:1      | Found a faded altar of an unknown god.
   107 | D:1      | Reached XP level 2. HP: 18/18 MP: 3/5
   168 | D:1      | Learned a level 2 spell: Wereblood
   638 | D:1      | Reached XP level 3. HP: 23/23 MP: 4/6
  1129 | D:2      | Reached XP level 4. HP: 29/29 MP: 5/7
  1429 | D:3      | Noticed Sigmund
  1439 | D:3      | Killed Sigmund
  1440 | D:3      | Reached XP level 5. HP: 17/35 MP: 7/9
  1440 | D:3      | Reached XP level 6. HP: 20/41 MP: 7/10
  1622 | D:3      | Found a faded altar of an unknown god.
  1625 | D:3      | Found a blossoming altar of Fedhas.
  1727 | D:3      | Noticed Jessica
  1730 | D:3      | Killed Jessica
  1731 | D:3      | Reached skill level 4 in Unarmed Combat
  2064 | D:3      | Found Fuonasid's Armour Shop.
  2067 | D:3      | Noticed Grinder
  2095 | D:3      | Paralysed by Grinder for 4 turns
  2103 | D:3      | Killed Grinder
  2104 | D:3      | Reached XP level 7. HP: 23/46 MP: 10/12
  2357 | D:4      | Found Quprotor's Distillery.
  2530 | D:4      | Noticed Pikel
  2544 | D:4      | Killed Pikel
  2545 | D:4      | Reached XP level 8. HP: 28/54 MP: 12/14
  2657 | D:4      | Found Ytayd's Tiny Tomes.
  2715 | D:4      | Reached skill level 5 in Unarmed Combat
  3172 | D:5      | Entered Level 5 of the Dungeon
  3483 | D:5      | Reached skill level 5 in Dodging
  3483 | D:5      | Reached skill level 5 in Transmutations
  3681 | D:5      | Found an ancient bone altar of Kikubaaqudgha.
  3724 | D:5      | Found a staircase to the Ecumenical Temple.
  3789 | Temple   | Entered the Ecumenical Temple
  3931 | D:5      | Found a glowing golden altar of the Shining One.
  4157 | D:5      | Reached XP level 9. HP: 60/60 MP: 14/16
  4199 | D:5      | Reached skill level 5 in Fighting
  4254 | D:5      | Reached skill level 5 in Spellcasting
  4396 | D:5      | Noticed Prince Ribbit
  4438 | D:5      | Killed Prince Ribbit
  4439 | D:5      | Reached skill level 6 in Unarmed Combat
  4612 | D:6      | HP: 1/61 [gnoll/+0 whip[a gnoll bouda] (11)]
  4618 | D:5      | Mangled by a gnoll

Illustrated notes

Levels and vault maps discovered:
D:1:      lemuel_arrival_cross, layout_basic,
          shapermc_ecumenical_altar_mp_highgroup, amcnicky_mini_pool_small,
          dk_noncrumbling_3
D:2:      layout_rooms, minmay_cut_off
D:3:      layout_basic, nicolae_overflow_ecumenical_swirl, serial_shops, shop,
          item_on_display_b, uniq_sigmund, uniq_grinder, uniq_jessica
D:4:      layout_basic, nicolae_shop_i_like_small_books_too,
          nicolae_take_the_stairs, uniq_pikel
D:5:      layout_cave_pools, kiku_gazebo_garden_becter,
          mainiacjoe_overflow_brackets, minmay_temple_entry_purple_smoke,
          uniq_prince_ribbit1
D:6:      layout_layer_cave, nicolae_ru_awakened_eye
Temple:   nicolae_temple_ecumenical_triangle

Skill      XL: |  1  2  3  4  5  6  7  8  9 |
---------------+----------------------------+-----
Fighting       | 2 3 4 5 |  5.2
Dodging        | 3 4 5 |  5.5
Spellcasting   | 3 4 5 |  5.1
Transmutations | 3 4 5 |  5.5
Unarmed Combat | 4 5 6 |  6.0

Action                     |  1- 3 |  4- 6 |  7- 9 || total
---------------------------+-------+-------+-------++-------
  Melee: Unarmed           |    67 |    40 |   110 ||   217
         Constrict         |    26 |    13 |    22 ||    61
         Kick              |    23 |    19 |    55 ||    97
         Tentacles         |    18 |    12 |    28 ||    58
         Punch             |     3 |     1 |     7 ||    11
   Cast: Beastly Appendage |    22 |    12 |    24 ||    58
    Use: Potion            |       |     1 |       ||     1
   Stab: Sleeping          |     9 |     1 |     4 ||    14
 Armour: Skin              |     5 |       |     2 ||     7
  Dodge: Dodged            |    48 |    15 |    99 ||   162
